 Dungeon Crawl Stone Soup version 0.31-a0-702-gf82c85558f (webtiles) character file.

Game seed: 3410751439054671230

7483 qw the Skirmisher (level 11, 0/71 HPs)
             Began as a Gargoyle Hunter on Sept 8, 2023.
             Was a Believer of Okawaru.
             Slain by a troll (5 damage)
             ... on level 9 of the Dungeon.
             The game lasted 00:03:22 (7371 turns).

qw the Skirmisher (Gargoyle Hunter)                 Turns: 7371, Time: 00:03:22

Health: 0/71       AC: 17    Str: 15    XL:     11   Next: 15%
Magic:  12/14      EV: 17    Int: 10    God:    Okawaru [**....]
Gold:   327        SH:  5    Dex: 17    Spells: 10/10 levels left

rFire   + . .        Y - +1 arbalest
rCold   . . .        (shield currently unavailable)
rNeg    + . .        t - +2 robe {rF+}
rPois   inf          f - +0 helmet
rElec   +            e - scarf {repulsion}
rCorr   .            s - +0 pair of gloves
SInv    .            o - +0 pair of boots
Will    +....        d - amulet of reflection
Stlth   +++          p - ring of willpower
HPRegen 0.31/turn    h - +4 ring of slaying {mikee}
MPRegen 0.14/turn

%: repel missiles, reflection
@: heroic
A: sickness immunity, AC +8, negative energy resistance 1, electricity
resistance, torment resistance 1, petrification resistance
a: Renounce Religion, Heroism


You were on level 9 of the Dungeon.
You worshipped Okawaru.
Okawaru was pleased with you.
You visited 2 branches of the dungeon, and saw 10 of its levels.

You collected 460 gold pieces.
You spent 133 gold pieces at shops.


Innate Abilities, Weirdness & Mutations

You are immune to sickness and miasma.
Your stone body is resilient. (AC +8)
You are immune to poison.
You resist negative energy. (rN+)
You are resistant to electric shocks. (rElec)
You are resistant to unholy torment.
You are immune to petrification.


   Skills:
 - Level 9.0(14.0) Fighting
 + Level 13.5(18.5) Ranged Weapons
 - Level 4.0(9.0) Armour
 - Level 4.1(9.1) Dodging
 - Level 1.1(6.1) Stealth
 - Level 4.0 Invocations


You had 10 spell levels left.
You didn't know any spells.
Your spell library was empty.

Inventory:

Hand Weapons
 Y - a +1 arbalest (weapon)
Armour
 e - a scarf of repulsion (worn)
 f - a +0 helmet (worn)
 j - a +0 ring mail of cold resistance
 k - a +0 cloak
 o - a +0 pair of boots (worn)
 s - a +0 pair of gloves (worn)
 t - a +2 robe of fire resistance (worn)
Jewellery
 d - an amulet of reflection (around neck)
 h - a +4 ring of slaying (right hand) {mikee}
 p - a ring of willpower (left hand)
Scrolls
 b - 2 scrolls of identify
Potions
 a - 2 potions of resistance
 c - a potion of cancellation
 g - 3 potions of enlightenment
 i - a potion of mutation
 l - a potion of might
 m - a potion of curing
 q - 2 potions of haste
 r - a potion of attraction {unknown}

Dungeon Overview and Level Annotations

Branches:
Dungeon (9/15)             Temple (1/1) D:5
   Lair: D:8-11         Orc: D:9-12

Altars:
Ashenzari
Cheibriados
Dithmenos
Elyvilon
Fedhas
Gozag
Hepliaklqana
Kikubaaqudgha
Makhleb
Nemelex Xobeh
Okawaru
Qazlal
Ru
Sif Muna
Trog
Uskayaw
Vehumet
Xom
Yredelemnul
Zin
The Shining One

Shops:
D:4 *


Message History

Okawaru is honoured by your kill. The meliai closely misses you.
The meliai stings you but does no damage.
The meliai hits you. The meliai stings you.
You shoot a bolt. The bolt hits the meliai!
The meliai is moderately wounded.
The meliai closely misses you. x2
The wight hits you with a +3 dire flail.
The meliai hits you.
The meliai stings you but does no damage.
You shoot a bolt. The bolt misses the meliai.
The meliai hits you but does no damage. The meliai completely misses you.
The wight closely misses you. The meliai hits you but does no damage.
The meliai stings you but does no damage.
You shoot a bolt. The bolt closely misses the meliai.
The meliai closely misses you.
The meliai stings you but does no damage.
The wight hits you but does no damage. The meliai hits you.
The meliai completely misses you.
You shoot a bolt. The bolt barely misses the meliai.
You block the meliai's attack. The meliai closely misses you.
You block the wight's attack. You block the meliai's attack.
The meliai closely misses you.
You shoot a bolt. The bolt hits the meliai!!
You kill the meliai!
Okawaru accepts your kill.
You feel like a meek peon again. You block the wight's attack.
7368 ||| INVOKING Heroism.
You gain the combat prowess of a mighty hero.
The wight misses you.
You shoot a bolt. The bolt hits the wight!!
You destroy the wight!
Okawaru accepts your kill.
You shoot a bolt. The bolt barely misses the troll.
The troll closely misses you. The troll claws you but does no damage.
You block the troll's attack.
You shoot a bolt. The bolt barely misses the troll.
The troll bites you.
You die...

# #. y## # T$#
#.##$# # #.)T##.#
#.####@$.#
#.)...####.# +.
#.######)....#
#..#.......######.#
#..########)).....#
#..........########
...[..............
..................
####..........>..


You could see a troll.

Vanquished Creatures
  An ugly thing (D:9)
  Joseph (D:9)
  A gargoyle (D:9)
  Psyche (D:8)
  An unseen horror (D:6)
  A komodo dragon (D:8)
  A meliai (shapeshifter) (D:9)
  Grinder (D:5)
  8 yaks (D:9)
  A wyvern (D:7)
  Eustachio (D:6)
  A steam dragon (D:8)
  Edmund (D:6)
  2 orc warriors
  3 ice beasts
  2 black bears
  4 ogres
  3 centaurs
  A gnoll sergeant (D:7)
  2 bullfrogs
  7 scorpions
  A wight (D:9)
  7 killer bees
  9 howler monkeys
  4 hounds
  2 gnoll boudas
  5 orc priests
  2 sleepcaps
  Jessica (D:3)
  2 iguanas
  8 orc wizards
  Natasha (thrice) (D:2)
  9 adders
  18 gnolls
  4 worms
  A dart slug (D:2)
  25 orcs
  13 bats
  7 endoplasms
  2 giant cockroaches
  5 goblins
  3 hobgoblins
  6 jackals
  6 quokkas
  9 ball pythons
  4 frilled lizards
  6 kobolds
  4 rats
210 creatures vanquished.

Notes
Turn   | Place    | Note
-------+----------+-------------------------------------------
     0 | D:1      | qw the Gargoyle Hunter began the quest for the Orb.
     0 | D:1      | Reached XP level 1. HP: 12/12 MP: 1/1
     0 | D:1      | 0 ||| qw: Version: 0.3-a-76-g4403597
     0 | D:1      | 0 ||| qw: Game counter: 1163
     0 | D:1      | 0 ||| qw: Melee chars always use a shield: true
     0 | D:1      | 0 ||| qw: God list: Okawaru
     0 | D:1      | 0 ||| qw: Allow faded altars: false
     0 | D:1      | 0 ||| qw: Do Orc after clearing Dungeon:15 true
     0 | D:1      | 0 ||| qw: Do second Lair branch before Depths: true
     0 | D:1      | 0 ||| qw: Lair rune preference: random
     0 | D:1      | 0 ||| qw: Goals: Normal
     0 | D:1      | 0 ||| PLANNING D:1-11
   112 | D:1      | Reached XP level 2. HP: 17/17 MP: 2/2
   517 | D:1      | 517 ||| UPGRADING to +0 helmet.
   522 | D:1      | 522 ||| UPGRADING to amulet of reflection.
   527 | D:1      | 527 ||| READING scroll labelled GUICLI TAEDO.
   528 | D:1      | 528 ||| READING scroll labelled MUIDOU OSOIJ.
   533 | D:1      | 533 ||| DROPPING scroll of butterflies.
   586 | D:2      | Reached skill level 5 in Ranged Weapons
   586 | D:2      | Reached XP level 3. HP: 21/21 MP: 3/3
   726 | D:2      | Reached skill level 3 in Fighting
   726 | D:2      | Reached XP level 4. HP: 28/28 MP: 4/4
   745 | D:2      | Noticed Natasha
   749 | D:2      | Killed Natasha
   758 | D:2      | 758 ||| FLEEEEING.
  1065 | D:2      | Reached XP level 5. HP: 32/32 MP: 5/5
  1065 | D:2      | Noticed Natasha
  1072 | D:2      | 1072 ||| Stepping ~*~*~tactically~*~*~ (retreating).
  1073 | D:2      | 1073 ||| Stepping ~*~*~tactically~*~*~ (retreating).
  1074 | D:2      | 1074 ||| Stepping ~*~*~tactically~*~*~ (retreating).
  1075 | D:2      | 1075 ||| Stepping ~*~*~tactically~*~*~ (retreating).
  1076 | D:2      | 1076 ||| Stepping ~*~*~tactically~*~*~ (retreating).
  1077 | D:2      | 1077 ||| Stepping ~*~*~tactically~*~*~ (retreating).
  1078 | D:2      | 1078 ||| Stepping ~*~*~tactically~*~*~ (retreating).
  1079 | D:2      | 1079 ||| Stepping ~*~*~tactically~*~*~ (retreating).
  1080 | D:2      | 1080 ||| Stepping ~*~*~tactically~*~*~ (retreating).
  1082 | D:2      | 1082 ||| Stepping ~*~*~tactically~*~*~ (retreating).
  1083 | D:2      | 1083 ||| Stepping ~*~*~tactically~*~*~ (retreating).
  1084 | D:2      | 1084 ||| Stepping ~*~*~tactically~*~*~ (retreating).
  1085 | D:2      | 1085 ||| Stepping ~*~*~tactically~*~*~ (retreating).
  1090 | D:2      | Killed Natasha
  1091 | D:2      | Reached skill level 6 in Ranged Weapons
  1277 | D:2      | Noticed Natasha
  1281 | D:2      | 1281 ||| Stepping ~*~*~tactically~*~*~ (outnumbered).
  1285 | D:2      | Killed Natasha
  1286 | D:2      | Reached skill level 1 in Armour
  1484 | D:2      | 1484 ||| UPGRADING to scarf of repulsion.
  1489 | D:2      | 1489 ||| READING 3 scrolls labelled UTATUTOSUB.
  1490 | D:2      | 1490 ||| READING scroll labelled HUTSAT QESS.
  1491 | D:2      | 1491 ||| DRINKING 2 orange potions.
  1492 | D:2      | 1492 ||| DROPPING 2 scrolls of blinking.
  1592 | D:3      | 1592 ||| FLEEEEING.
  1593 | D:3      | 1593 ||| FLEEEEING.
  1594 | D:3      | 1594 ||| FLEEEEING.
  1595 | D:3      | 1595 ||| FLEEEEING.
  1596 | D:3      | 1596 ||| FLEEEEING.
  1597 | D:3      | 1597 ||| FLEEEEING.
  1598 | D:3      | 1598 ||| FLEEEEING.
  1599 | D:3      | 1599 ||| FLEEEEING.
  1600 | D:3      | 1600 ||| FLEEEEING.
  1601 | D:3      | 1601 ||| STAIRDANCE
  1629 | D:3      | 1629 ||| STAIRDANCE
  1691 | D:3      | Reached XP level 6. HP: 25/38 MP: 6/6
  1691 | D:3      | 1691 ||| STAIRDANCE
  1827 | D:3      | Noticed Jessica
  1831 | D:3      | Killed Jessica
  2119 | D:3      | 2119 ||| UPGRADING to +0 ring mail.
  2129 | D:3      | 2129 ||| DROPPING +0 leather armour.
  2130 | D:3      | 2130 ||| UPGRADING to +0 ring mail of cold resistance.
  2140 | D:3      | 2140 ||| DROPPING +0 ring mail.
  2141 | D:3      | 2141 ||| READING scroll labelled WOOR UNKEPN.
  2142 | D:3      | 2142 ||| DRINKING 3 puce potions.
  2143 | D:3      | 2143 ||| DROPPING 2 potions of brilliance.
  2208 | D:4      | Reached skill level 7 in Ranged Weapons
  2208 | D:4      | Reached XP level 7. HP: 27/43 MP: 7/7
  2366 | D:4      | Reached skill level 8 in Ranged Weapons
  2705 | D:4      | Found Effamuefow's Assorted Antiques.
  2712 | D:4      | 2712 ||| BUYING golden ring (95 gold).
  2712 | D:4      | Bought a golden ring for 95 gold pieces
  2712 | D:4      | 2712 ||| BUYING scroll of identify (38 gold).
  2712 | D:4      | Bought a scroll of identify for 38 gold pieces
  2712 | D:4      | 2712 ||| SHOPLISTING scroll of identify (38 gold, have 32).
  3187 | D:4      | 3187 ||| UPGRADING to +0 pair of boots.
  3192 | D:4      | 3192 ||| UPGRADING to ring of willpower.
  3193 | D:4      | 3193 ||| READING scroll labelled ELONOE SELLE.
  3194 | D:4      | 3194 ||| READING scroll labelled PAQOIROLIK.
  3195 | D:4      | 3195 ||| READING 2 scrolls of identify.
  3195 | D:4      | 3195 ||| IDENTIFYING green potion
  3213 | D:5      | Entered Level 5 of the Dungeon
  3343 | D:5      | Reached XP level 8. HP: 49/49 MP: 8/8
  3465 | D:5      | Found a staircase to the Ecumenical Temple.
  3466 | D:5      | 3466 ||| PLANNING TEMPLE
  3466 | D:5      | 3466 ||| UPGRADING to +4 ring of slaying {mikee}.
  3467 | D:5      | 3467 ||| READING 3 scrolls of identify.
  3467 | D:5      | 3467 ||| IDENTIFYING smoky pink potion
  3468 | D:5      | 3468 ||| READING 2 scrolls of identify.
  3468 | D:5      | 3468 ||| IDENTIFYING murky green potion
  3477 | Temple   | Entered the Ecumenical Temple
  3478 | Temple   | 3478 ||| PLANNING OKAWARU WORSHIP
  3518 | Temple   | Became a worshipper of Warmaster Okawaru
  3519 | Temple   | 3519 ||| PLANNING D:1-11
  3727 | D:5      | Reached skill level 9 in Ranged Weapons
  3920 | D:5      | Noticed Grinder
  3935 | D:5      | Killed Grinder
  3936 | D:5      | Reached skill level 6 in Fighting
  3993 | D:6      | Reached * piety under Okawaru
  4034 | D:6      | 4034 ||| SWAPPING to +0 arbalest.
  4037 | D:6      | 4037 ||| DROPPING +0 shortbow.
  4043 | D:6      | 4043 ||| INVOKING Heroism.
  4098 | D:6      | 4098 ||| INVOKING Heroism.
  4099 | D:6      | 4099 ||| INVOKING Heroism.
  4101 | D:6      | 4101 ||| Stepping ~*~*~tactically~*~*~ (retreating).
  4102 | D:6      | 4102 ||| Stepping ~*~*~tactically~*~*~ (retreating).
  4108 | D:6      | Reached XP level 9. HP: 53/56 MP: 7/9
  4115 | D:6      | 4115 ||| FLEEEEING.
  4116 | D:6      | 4116 ||| FLEEEEING.
  4117 | D:6      | 4117 ||| FLEEEEING.
  4118 | D:6      | 4118 ||| FLEEEEING.
  4119 | D:6      | 4119 ||| FLEEEEING.
  4120 | D:6      | 4120 ||| FLEEEEING.
  4121 | D:6      | 4121 ||| FLEEEEING.
  4132 | D:6      | Reached skill level 10 in Ranged Weapons
  4306 | D:6      | Noticed Eustachio
  4311 | D:6      | 4311 ||| INVOKING Heroism.
  4314 | D:6      | Reached skill level 3 in Armour
  4319 | D:6      | 4319 ||| Stepping ~*~*~tactically~*~*~ (retreating).
  4320 | D:6      | 4320 ||| Stepping ~*~*~tactically~*~*~ (retreating).
  4321 | D:6      | 4321 ||| RETREATING.
  4325 | D:6      | 4325 ||| FLEEEEING.
  4333 | D:6      | Killed Eustachio
  4372 | D:6      | 4372 ||| Stepping randomly (disturbance).
  4373 | D:6      | 4373 ||| Stepping randomly (disturbance).
  4374 | D:6      | 4374 ||| Stepping randomly (disturbance).
  4378 | D:6      | Killed an unseen horror
  4421 | D:6      | Noticed Edmund
  4422 | D:6      | 4422 ||| INVOKING Heroism.
  4427 | D:6      | Killed Edmund
  4432 | D:6      | Reached skill level 3 in Invocations
  4772 | D:6      | 4772 ||| DROPPING ring of wizardry.
  4773 | D:6      | 4773 ||| READING scroll labelled ILIOFO ENEU.
  4774 | D:6      | 4774 ||| READING scroll labelled VUARULO YLINN.
  4795 | D:7      | 4795 ||| INVOKING Heroism.
  4817 | D:7      | 4817 ||| RETREATING.
  4821 | D:7      | 4821 ||| Stepping ~*~*~tactically~*~*~ (retreating).
  4840 | D:7      | Reached skill level 11 in Ranged Weapons
  4846 | D:7      | 4846 ||| INVOKING Heroism.
  4851 | D:7      | Reached skill level 3 in Dodging
  5134 | D:7      | Reached XP level 10. HP: 50/64 MP: 13/13
  5331 | D:7      | 5331 ||| Stepping ~*~*~tactically~*~*~ (outnumbered).
  5334 | D:7      | 5334 ||| Stepping ~*~*~tactically~*~*~ (retreating).
  5474 | D:7      | 5474 ||| INVOKING Heroism.
  5613 | D:7      | 5613 ||| UPGRADING to +0 pair of gloves.
  5618 | D:7      | 5618 ||| READING scroll labelled PODISMAPLO.
  5619 | D:7      | 5619 ||| DRINKING 2 bubbling puce potions.
  5708 | D:8      | 5708 ||| INVOKING Heroism.
  5715 | D:8      | 5715 ||| Stepping ~*~*~tactically~*~*~ (cloud).
  5716 | D:8      | 5716 ||| Stepping ~*~*~tactically~*~*~ (cloud).
  5774 | D:8      | 5774 ||| Stepping ~*~*~tactically~*~*~ (outnumbered).
  5776 | D:8      | 5776 ||| Stepping ~*~*~tactically~*~*~ (outnumbered).
  5952 | D:8      | 5952 ||| Stepping ~*~*~tactically~*~*~ (outnumbered).
  6046 | D:8      | 6046 ||| INVOKING Heroism.
  6202 | D:8      | 6202 ||| INVOKING Heroism.
  6419 | D:8      | 6419 ||| INVOKING Heroism.
  6423 | D:8      | Reached skill level 12 in Ranged Weapons
  6436 | D:8      | Noticed Psyche
  6437 | D:8      | 6437 ||| INVOKING Heroism.
  6442 | D:8      | Killed Psyche
  6756 | D:8      | 6756 ||| UPGRADING to +2 robe of fire resistance.
  6766 | D:8      | 6766 ||| DRINKING 2 fizzy ruby potions.
  6767 | D:8      | 6767 ||| READING 2 scrolls of identify.
  6767 | D:8      | 6767 ||| IDENTIFYING pink potion
  6782 | D:9      | Noticed Joseph
  6792 | D:9      | Killed Joseph
  6817 | D:9      | Reached ** piety under Okawaru
  6820 | D:9      | 6820 ||| Stepping ~*~*~tactically~*~*~ (retreating).
  6826 | D:9      | 6826 ||| Stepping ~*~*~tactically~*~*~ (retreating).
  6827 | D:9      | 6827 ||| Stepping ~*~*~tactically~*~*~ (retreating).
  6828 | D:9      | 6828 ||| Stepping ~*~*~tactically~*~*~ (retreating).
  6829 | D:9      | 6829 ||| Stepping ~*~*~tactically~*~*~ (retreating).
  6830 | D:9      | 6830 ||| Stepping ~*~*~tactically~*~*~ (retreating).
  6831 | D:9      | 6831 ||| Stepping ~*~*~tactically~*~*~ (retreating).
  6835 | D:9      | 6835 ||| INVOKING Heroism.
  6841 | D:9      | HP: 12/64 [yak (12)]
  6842 | D:9      | 6842 ||| READING 3 scrolls of teleportation.
  6846 | D:9      | 6846 ||| READING 2 scrolls of teleportation.
  7050 | D:9      | 7050 ||| RETREATING.
  7053 | D:9      | 7053 ||| Stepping ~*~*~tactically~*~*~ (retreating).
  7054 | D:9      | 7054 ||| Stepping ~*~*~tactically~*~*~ (retreating).
  7055 | D:9      | 7055 ||| Stepping ~*~*~tactically~*~*~ (retreating).
  7058 | D:9      | Reached skill level 13 in Ranged Weapons
  7063 | D:9      | 7063 ||| INVOKING Heroism.
  7066 | D:9      | HP: 9/64 [yak (10)]
  7067 | D:9      | 7067 ||| READING scroll of teleportation.
  7284 | D:9      | 7284 ||| INVOKING Heroism.
  7292 | D:9      | Reached XP level 11. HP: 60/69 MP: 12/14
  7324 | D:9      | Reached skill level 9 in Fighting
  7353 | D:9      | Noticed a white ugly thing
  7354 | D:9      | 7354 ||| INVOKING Heroism.
  7360 | D:9      | 7360 ||| Stepping ~*~*~tactically~*~*~ (retreating).
  7362 | D:9      | Killed a white ugly thing
  7362 | D:9      | HP: 14/71 [meliai (shapeshifter) (5)]
  7365 | D:9      | HP: 3/71 [meliai (shapeshifter) (6)]
  7368 | D:9      | 7368 ||| INVOKING Heroism.
  7371 | D:9      | Slain by a troll

Levels and vault maps discovered:
D:1:      heliophobic_arrival_enchanted_forest, layout_basic
D:2:      minmay_chambers_of_ones, layout_basic, uniq_natasha
D:3:      layout_basic, uniq_jessica
D:4:      old_forge, layout_loops_ring, serial_shops, shop,
          chequers_serial_rivers_large_a
D:5:      layout_rooms, temple_hall, uniq_grinder
D:6:      minmay_general_purpose_star, layout_basic, uniq_eustachio, uniq_edmund
D:7:      layout_loops_ring
D:8:      layout_gridville, nrook_mini_vaults, uniq_psyche
D:9:      minmay_distorted_concentric_squares, layout_irregular_city,
          lair_entry_dummy, serial_bayou_crossing, uniq_joseph
Temple:   kilobyte_greek_temple

Skill      XL: |  1  2  3  4  5  6  7  8  9 10 11 |
---------------+----------------------------------+-----
Ranged Weapons | 5 6 7 8 9 11 13 | 13.5
Fighting       | 3 4 5 6 8 9 |  9.0
Armour         | 1 2 3 4 |  4.0
Dodging        | 2 3 4 |  4.1
Invocations    | 4 |  4.0
Stealth        | |  1.1

Action                     |  1- 3 |  4- 6 |  7- 9 | 10-12 || total
---------------------------+-------+-------+-------+-------++-------
   Fire: Shortbow          |    75 |   166 |   246 |       ||   487
         Arbalest          |       |       |   117 |   184 ||   301
 Invoke: Heroism           |       |       |     6 |    11 ||    17
    Use: Scroll            |     2 |     3 |     7 |     5 ||    17
         Potion            |       |     2 |       |     2 ||     4
 Armour: Leather armour    |    12 |    58 |       |       ||    70
         Ring mail         |       |    10 |   155 |    39 ||   204
         Robe              |       |       |       |    72 ||    72
  Dodge: Dodged            |    16 |    60 |   115 |   154 ||   345
         Repelled          |       |       |     1 |     2 ||     3
  Block: Other             |     4 |    31 |    37 |    39 ||   111
         Reflection        |       |     1 |     2 |     2 ||     5

Table legend:
 A = Non-vault XP
 B = Vault XP
 C = Vault XP percentage of total XP
 D = Non-vault monster count
 E = Vault monster count
 F = Vault count percentage of total count
                 A         B        C        D         E       F
            +---------+---------+-------+---------+---------+-------
      Total |    6749 |    3941 |  36.9 |     173 |      37 |  17.6
            +---------+---------+-------+---------+---------+-------
        D:1 |      30 |       0 |   0.0 |      19 |       0 |   0.0
        D:2 |     199 |      43 |  17.8 |      25 |       6 |  19.4
        D:3 |     138 |      37 |  21.1 |      17 |       1 |   5.6
        D:4 |      25 |     548 |  95.6 |      12 |      15 |  55.6
        D:5 |     647 |     272 |  29.6 |      14 |       1 |   6.7
        D:6 |     907 |     634 |  41.1 |      12 |       6 |  33.3
        D:7 |    1451 |       0 |   0.0 |      34 |       0 |   0.0
        D:8 |    1339 |     379 |  22.1 |      25 |       1 |   3.8
        D:9 |    2013 |    2028 |  50.2 |      15 |       7 |  31.8
            +---------+---------+-------+---------+---------+-------
